 Dungeon Crawl Stone Soup version 0.31-a0-692-gf03d1854d5 (webtiles) character file.

Game seed: 15303143158268831459

593 qw the Skirmisher (level 7, -1/43 HPs)
             Began as a Gargoyle Hunter on Sept 6, 2023.
             Shot with an arrow by a centaur (4 damage)
             ... on level 5 of the Dungeon.
             The game lasted 00:01:11 (3739 turns).

qw the Skirmisher (Gargoyle Hunter)                 Turns: 3739, Time: 00:01:12

Health: -1/43      AC: 10    Str: 15    XL:     7   Next: 39%
Magic:  7/7        EV: 11    Int:  9    God:
Gold:   265        SH:  0    Dex: 15    Spells: 6/6 levels left

rFire   . . .        Y - +1 arbalest
rCold   . . .        (shield currently unavailable)
rNeg    + . .        f - +0 ring mail
rPois   inf          (no helmet)
rElec   +            (no cloak)
rCorr   .            (no gloves)
SInv    .            (no boots)
Will    .....        (no amulet)
Stlth   +            (no ring)
HPRegen 0.27/turn    (no ring)
MPRegen 0.10/turn

%: no passive effects
@: about to teleport
A: sickness immunity, AC +4, negative energy resistance 1, electricity
resistance, torment resistance 1, petrification resistance
a: no special abilities


You were on level 5 of the Dungeon.
You visited 1 branch of the dungeon, and saw 5 of its levels.
You also visited: Sewer.

You collected 265 gold pieces.


Innate Abilities, Weirdness & Mutations

You are immune to sickness and miasma.
Your stone body is resilient. (AC +4)
You are immune to poison.
You resist negative energy. (rN+)
You are resistant to electric shocks. (rElec)
You are resistant to unholy torment.
You are immune to petrification.


   Skills:
 + Level 4.0 Fighting
 - Level 8.0 Ranged Weapons
 - Level 1.2 Armour
 - Level 1.5 Dodging
 - Level 1.1 Stealth


You had 6 spell levels left.
You didn't know any spells.
Your spell library was empty.

Inventory:

Hand Weapons
 Y - a +1 arbalest (weapon)
Armour
 f - a +0 ring mail (worn)
Wands
 k - a wand of digging (1)
Scrolls
 a - a scroll of identify
 i - 2 scrolls of teleportation
Potions
 b - a potion of cancellation {unknown}
 c - a potion of might
 d - a potion of curing
 e - a potion of mutation {unknown}
 g - a potion of berserk rage {unknown}
 h - a potion of degeneration {unknown}
 j - a potion of enlightenment {unknown}
 l - a potion of resistance {unknown}

Dungeon Overview and Level Annotations

Branches:
Dungeon (5/15)              Sewer (visited)
 Temple: D:4-7

Altars:
Gozag
Ru
Uskayaw
Xom

Annotations:
D:4 1 runed translucent door, qw's ghost, amateur GrHu


Message History

i - 2 scrolls of teleportation (gained 1)
i - 3 scrolls of teleportation (gained 1)
A centaur comes into view.
The centaur shouts!
The centaur wields a +0 shortbow.
The centaur shoots an arrow.
The arrow hits you.
You shoot a bolt. The bolt barely misses the centaur.
The centaur shoots an arrow.
The arrow hits you.
The centaur shoots an arrow.
The arrow closely misses you.
The centaur shoots an arrow.
The arrow hits you.
You shoot a bolt. The bolt hits the centaur!
The centaur is heavily wounded.
The centaur shoots an arrow.
The arrow barely misses you.
The centaur shoots an arrow.
The arrow barely misses you.
You shoot a bolt.
The bolt hits the centaur but does no damage.
The centaur is heavily wounded.
The centaur shoots an arrow.
The arrow hits you.
The centaur shoots an arrow.
The arrow hits you.
The centaur shoots an arrow.
The arrow hits you but does no damage.
You shoot a bolt. The bolt hits the centaur!
The centaur is severely wounded.
The centaur shoots an arrow.
The arrow hits you.
You shoot a bolt. The bolt closely misses the centaur.
The centaur shoots an arrow.
The arrow barely misses you.
You shoot a bolt. The bolt barely misses the centaur.
The centaur shoots an arrow.
The arrow misses you.
The centaur shoots an arrow.
The arrow hits you.
The centaur shoots an arrow.
The arrow closely misses you.
You shoot a bolt. The bolt closely misses the centaur.
The centaur shoots an arrow.
The arrow hits you but does no damage.
The centaur shoots an arrow.
The arrow hits you.
You shoot a bolt. The bolt hits the centaur.
The centaur is almost dead.
The centaur shoots an arrow.
The arrow hits you!
The centaur shoots an arrow.
The arrow hits you but does no damage.
The centaur shoots an arrow.
The arrow hits you.
3739 ||| READING 3 scrolls of teleportation.
As you read the scroll of teleportation, it crumbles to dust.
You feel strangely unstable.
The centaur shoots an arrow.
The arrow hits you.
You die...

#### #..## #...###
#.....##
#######......####
#>............c..
##.#####......###. #
#........#@.[.?...
###.###..#####.##.######
.....<.........# ##
#######.######## ...#
#####


You could see a centaur.

Vanquished Creatures
  Sigmund (D:3)
  2 bullfrogs (Sewer)
  2 iguanas (D:4)
  Terence (D:2)
  7 gnolls (D:4)
  7 adders
  3 worms
  2 dart slugs
  3 orcs (D:3)
  11 ball pythons
  6 endoplasms
  15 giant cockroaches
  4 goblins
  7 hobgoblins
  7 jackals
  9 quokkas
  2 bats
  7 frilled lizards
  A kobold (D:1)
  2 rats
99 creatures vanquished.

Notes
Turn   | Place    | Note
-------+----------+-------------------------------------------
     0 | D:1      | qw the Gargoyle Hunter began the quest for the Orb.
     0 | D:1      | Reached XP level 1. HP: 12/12 MP: 1/1
     0 | D:1      | 0 ||| qw: Version: 0.3-a-76-g4403597
     0 | D:1      | 0 ||| qw: Game counter: 133
     0 | D:1      | 0 ||| qw: Melee chars always use a shield: true
     0 | D:1      | 0 ||| qw: God list: Okawaru
     0 | D:1      | 0 ||| qw: Allow faded altars: false
     0 | D:1      | 0 ||| qw: Do Orc after clearing Dungeon:15 true
     0 | D:1      | 0 ||| qw: Do second Lair branch before Depths: true
     0 | D:1      | 0 ||| qw: Lair rune preference: random
     0 | D:1      | 0 ||| qw: Goals: Normal
     0 | D:1      | 0 ||| PLANNING D:1-11
   196 | D:1      | 196 ||| Stepping ~*~*~tactically~*~*~ (retreating).
   199 | D:1      | Reached XP level 2. HP: 13/17 MP: 2/2
   582 | D:1      | 582 ||| SWAPPING to +0 arbalest.
   585 | D:1      | 585 ||| DROPPING +0 shortbow.
   748 | D:1      | Reached XP level 3. HP: 21/21 MP: 3/3
   748 | D:1      | 748 ||| READING scroll labelled HUAMNI ARIF.
   749 | D:1      | 749 ||| READING scroll labelled KEPOSH MUINI.
   750 | D:1      | 750 ||| DRINKING 2 ruby potions.
   751 | D:1      | 751 ||| DROPPING scroll of butterflies.
   767 | D:2      | Noticed Terence
   768 | D:2      | Killed Terence
   769 | D:2      | Reached skill level 5 in Ranged Weapons
   813 | D:2      | Reached XP level 4. HP: 11/27 MP: 4/4
  1179 | D:2      | Reached skill level 3 in Fighting
  1187 | D:2      | You fall into a shaft and drop 1 floor!
  1250 | D:3      | Noticed Sigmund
  1252 | D:3      | Killed Sigmund
  1253 | D:3      | Reached skill level 6 in Ranged Weapons
  1253 | D:3      | Reached XP level 5. HP: 28/32 MP: 5/5
  1376 | D:3      | 1376 ||| UPGRADING to +0 ring mail.
  1386 | D:3      | 1386 ||| DROPPING +0 leather armour.
  1387 | D:3      | 1387 ||| READING scroll labelled PUHOROCYLO.
  1388 | D:3      | 1388 ||| READING scroll labelled LUASEL BIMOZ.
  1430 | D:2      | Reached XP level 6. HP: 37/37 MP: 6/6
  1581 | D:2      | Reached skill level 1 in Armour
  2079 | D:3      | Found a faded altar of an unknown god.
  2308 | D:4      | Noticed qw's ghost (amateur GrHu)
  2309 | D:4      | 2309 ||| PLANNING SEWER
  2310 | D:4      | Found a runed translucent door.
  2527 | D:4      | Found a hide-covered altar of Uskayaw.
  2542 | D:4      | Found a sacrificial altar of Ru.
  2554 | D:4      | Found a shimmering altar of Xom.
  2568 | D:4      | 2568 ||| FLEEEEING.
  2569 | D:4      | 2569 ||| FLEEEEING.
  2570 | D:4      | 2570 ||| FLEEEEING.
  2657 | D:4      | Found the necklace of Bloodlust {Fury *Rage Will++ Int-3
                  | Slay+6}
  2658 | D:4      | Found a glowing drain.
  2659 | D:4      | 2659 ||| READING scroll labelled ULERGH DURUP.
  2660 | D:4      | 2660 ||| READING scroll labelled SIOHEA WUMNUW.
  2661 | D:4      | 2661 ||| DRINKING 2 murky amethyst potions.
  2670 | Sewer    | Entered a sewer
  2680 | Sewer    | 2680 ||| Stepping ~*~*~tactically~*~*~ (water).
  2696 | Sewer    | Reached skill level 7 in Ranged Weapons
  2698 | Sewer    | 2698 ||| Stepping ~*~*~tactically~*~*~ (water).
  2764 | Sewer    | 2764 ||| Stepping ~*~*~tactically~*~*~ (water).
  2767 | Sewer    | 2767 ||| Stepping ~*~*~tactically~*~*~ (water).
  2842 | Sewer    | 2842 ||| Stepping ~*~*~tactically~*~*~ (water).
  2853 | Sewer    | Reached XP level 7. HP: 24/43 MP: 7/7
  3189 | Sewer    | 3189 ||| READING scroll labelled CUTISINIGH.
  3267 | D:4      | 3267 ||| PLANNING D:1-11
  3275 | D:4      | 3275 ||| FLEEEEING.
  3280 | D:4      | 3280 ||| FLEEEEING.
  3281 | D:4      | 3281 ||| FLEEEEING.
  3282 | D:4      | 3282 ||| FLEEEEING.
  3283 | D:4      | 3283 ||| FLEEEEING.
  3284 | D:4      | 3284 ||| FLEEEEING.
  3285 | D:4      | 3285 ||| FLEEEEING.
  3286 | D:4      | 3286 ||| FLEEEEING.
  3296 | D:4      | 3296 ||| FLEEEEING.
  3297 | D:4      | 3297 ||| FLEEEEING.
  3298 | D:4      | 3298 ||| FLEEEEING.
  3299 | D:4      | 3299 ||| FLEEEEING.
  3300 | D:4      | 3300 ||| FLEEEEING.
  3301 | D:4      | 3301 ||| STAIRDANCE
  3314 | D:4      | 3314 ||| STAIRDANCE
  3542 | D:4      | 3542 ||| FLEEEEING.
  3545 | D:4      | Reached skill level 8 in Ranged Weapons
  3648 | D:4      | Found an opulent altar of Gozag.
  3712 | D:5      | Entered Level 5 of the Dungeon
  3713 | D:5      | 3713 ||| PLANNING OSSUARY
  3738 | D:5      | HP: 8/43 [centaur/arrow (8)]
  3738 | D:5      | HP: 3/43 [centaur/arrow (5)]
  3739 | D:5      | 3739 ||| READING 3 scrolls of teleportation.
  3739 | D:5      | Shot with an arrow by a centaur

Levels and vault maps discovered:
D:1:      dreamdust_arrival_beginning_and_end, layout_loops_ring, minivault_5,
          minmay_misc_feat_chi
D:2:      minmay_alternating_diamond, layout_basic, uniq_terence
D:3:      layout_basic, basic_ecumenical_altar, nicolae_titane, uniq_sigmund
D:4:      layout_loops_ring, nicolae_overflow_quartered_altars,
          portal_sewer_entry_f, hellmonk_ghost_happy_afterlife
D:5:      minmay_polygon_palace, layout_loops_ring,
          minmay_temple_entry_butterflies, lightli_ossuary_entry_decrepit_ruins

Skill      XL: |  1  2  3  4  5  6  7 |
---------------+----------------------+-----
Ranged Weapons | 5 6 7 8 |  8.0
Fighting       | 3 4 |  4.0
Armour         | 1 |  1.2
Dodging        | |  1.5
Stealth        | |  1.1

Action                     |  1- 3 |  4- 6 |  7- 9 || total
---------------------------+-------+-------+-------++-------
   Fire: Shortbow          |    42 |       |       ||    42
         Arbalest          |    20 |   135 |    41 ||   196
    Use: Scroll            |     2 |     4 |     2 ||     8
         Potion            |     1 |     1 |       ||     2
 Armour: Leather armour    |    19 |    14 |       ||    33
         Ring mail         |       |    63 |    32 ||    95
  Dodge: Dodged            |    21 |    64 |    21 ||   106

Table legend:
 A = Non-vault XP
 B = Vault XP
 C = Vault XP percentage of total XP
 D = Non-vault monster count
 E = Vault monster count
 F = Vault count percentage of total count
                 A         B        C        D         E       F
            +---------+---------+-------+---------+---------+-------
      Total |     299 |     549 |  64.7 |      62 |      37 |  37.4
            +---------+---------+-------+---------+---------+-------
        D:1 |      34 |       0 |   0.0 |      19 |       0 |   0.0
        D:2 |      54 |      45 |  45.5 |      16 |       7 |  30.4
        D:3 |      21 |     214 |  91.1 |      10 |       1 |   9.1
        D:4 |     190 |       8 |   4.0 |      17 |       4 |  19.0
      Sewer |       0 |     282 | 100.0 |       0 |      25 | 100.0
            +---------+---------+-------+---------+---------+-------
